 Dungeon Crawl Stone Soup version 0.31-a0-1074-g0b22e4e0f1 (webtiles) character file.

Game seed: 17704750516867771310

137 Dittersdorf the Shield-Bearer (level 5, -12/33 HPs)
             Began as a Gargoyle Fighter on Dec 1, 2023.
             Mangled by an ogre
             ... wielding a +0 giant spiked club
              (18 damage)
             ... on level 4 of the Dungeon.
             The game lasted 00:05:14 (2890 turns).

Dittersdorf the Shield-Bearer (Gargoyle Fighter)    Turns: 2890, Time: 00:05:15

Health: -12/33     AC: 13    Str: 22    XL:     5   Next: 20%
Magic:  5/5        EV:  8    Int:  8    God:
Gold:   243        SH:  4    Dex: 11    Spells: 4/4 levels left

rFire   . . .        b - +5 sling of the Arena {elec, Dex+2}
rCold   . . .        c - +0 buckler
rNeg    + . .        w - +0 chain mail
rPois   ∞            (no helmet)
rElec   +            (no cloak)
rCorr   .            (no gloves)
SInv    +            (no boots)
Will    .....        s - amulet of magic regeneration Stlth
                     j - ring of see invisible
HPRegen 0.25/turn    v - ring of wizardry
MPRegen 0.49/turn

%: wizardry (x1)
@: no status effects
A: sickness immunity, AC +4, negative energy resistance 1, electricity
resistance, torment resistance 1, petrification resistance
a: no special abilities


You were on level 4 of the Dungeon.
You visited 1 branch of the dungeon, and saw 4 of its levels.

You collected 243 gold pieces.

Inventory:

Hand Weapons
 a - a +0 flail of holy wrath
 b - the +5 sling of the Arena (weapon) {elec, Dex+2}
   (You found it on level 3 of the Dungeon)

   Dex+2:     It affects your dexterity (+2).
Missiles
 t - 50 stones
Armour
 c - a +0 buckler (worn)
 w - a +0 chain mail (worn)
Jewellery
 j - a ring of see invisible (left hand)
 s - an amulet of magic regeneration (around neck)
 v - a ring of wizardry (right hand)
Scrolls
 e - 3 scrolls of blinking {unknown}
 f - 2 scrolls of teleportation {unknown}
 g - 2 scrolls of immolation {unknown}
 o - 2 scrolls of identify {unknown}
 p - 2 scrolls of fog {unknown}
 r - 4 scrolls of enchant weapon {unknown}
Potions
 d - a potion of might
 h - 2 potions of degeneration {unknown}
 i - a potion of mutation {unknown}
 k - 2 potions of magic {unknown}
 l - a potion of attraction {unknown}
 m - 2 potions of lignification {unknown}
 n - 4 potions of curing {unknown}
 q - 2 potions of enlightenment {unknown}
 u - a potion of haste {unknown}
 x - a potion of berserk rage {unknown}


   Skills:
 + Level 4.2 Fighting
 + Level 3.0 Maces & Flails
 + Level 4.2 Armour
 + Level 4.2 Shields


You had 4 spell levels left.
You didn't know any spells.
Your spell library contained the following spells:

 Spells                   Type           Power      Damage    Failure   Level
 Gell's Gravitas          Tloc           0%         N/A       98%         3
 Teleport Other           Tloc           0%         N/A       98%         3
 Dispersal                Tloc           0%         N/A       100%        6


Dungeon Overview and Level Annotations

Branches:
Dungeon (4/15)
 Temple: D:4-7

Altars:
Fedhas
Hepliaklqana
Kikubaaqudgha
Zin


Innate Abilities, Weirdness & Mutations

You are immune to sickness and miasma.
Your stone body is resilient. (AC +4)
You are immune to poison.
You resist negative energy. (rN+)
You are resistant to electric shocks. (rElec)
You are resistant to unholy torment.
You are immune to petrification.


Message History

A goblin comes into view. It is wielding a +0 club.
You hit the goblin.
The goblin is heavily wounded.
The goblin hits you but does no damage.
You hit the goblin.
You kill the goblin!
No target in view!
No target in view!
No target in view!
No target in view!
No target in view!
No target in view!
No target in view!
No target in view!
No target in view!
No target in view!
No target in view!
No target in view!
No target in view!
Found a dagger.
A gnoll sergeant, a gnoll and an ogre come into view.
The gnoll sergeant is wielding a +3 trident of venom.
The gnoll sergeant shouts!
The gnoll shouts!
You hear a shout!
The gnoll moves out of view.
A gnoll comes into view. It is wielding a +0 spear.
Your +0 flail of holy wrath stops glowing.
You feel agile.
You hear the crackle of electricity.
b - the +5 sling of the Arena (weapon)
{elec, Dex+2} You shoot a sling bullet.
The sling bullet hits the ogre.
Lightning courses through the ogre!
The ogre is heavily wounded.
The ogre hits you with a +0 giant spiked club!
You shoot a sling bullet. The sling bullet hits the ogre.
The ogre is severely wounded.
The gnoll sergeant hits you from afar with a +3 trident of venom!
* * * LOW HITPOINT WARNING * * *
The ogre hits you with a +0 giant spiked club!!
Ouch! That really hurt!
You die...

#....# .. #....# ##
#...##.# #.####.#
#.# #.# #g# #.# #g#
#.# #O# #.# #@## #.#
##..###.####
######..........#
####............##.#
#####
...^...##.#.###.##.#
#....
~~~.........)...##.#
#.###
~≈≈~~...#.#.###.##.#
#.# ≈≈≈≈~~....#.#
#.##.# #.#
≈~≈≈~≈~.###.# #.##.#
#.#


You could see an ogre, a gnoll sergeant and a gnoll.

Vanquished Creatures
  An iguana (D:3)
  5 adders
  A worm (D:3)
  A dart slug (D:4)
  3 orcs
  2 ball pythons
  5 bats
  7 endoplasms
  A giant cockroach (D:4)
  7 goblins
  3 hobgoblins
  4 jackals (D:1)
  3 quokkas
  5 frilled lizards
  2 kobolds
  5 rats
55 creatures vanquished.

Notes
Turn   | Place    | Note
-------+----------+-------------------------------------------
     0 | D:1      | Dittersdorf the Gargoyle Fighter began the quest for the
                  | Orb.
     0 | D:1      | Reached XP level 1. HP: 14/14 MP: 1/1
    83 | D:1      | Reached XP level 2. HP: 14/19 MP: 2/2
  1125 | D:2      | Reached XP level 3. HP: 24/24 MP: 3/3
  1261 | D:2      | Found a glowing silver altar of Zin.
  1320 | D:2      | Reached XP level 4. HP: 29/29 MP: 4/4
  1632 | D:3      | Identified the +5 sling of the Arena {elec, Dex+2}
  2672 | D:4      | Reached XP level 5. HP: 33/33 MP: 5/5
  2676 | D:4      | Found an ancient bone altar of Kikubaaqudgha.
  2798 | D:4      | Found a blossoming altar of Fedhas.
  2842 | D:4      | Found a hazy altar of Hepliaklqana.
  2863 | D:4      | Noticed an ogre
  2890 | D:4      | Mangled by an ogre

Illustrated notes

Levels and vault maps discovered:
D:1:      eino_arrival_water_star, layout_basic, serial_corexii_hall,
          corexii_hall_statues_i, corexii_hall_statues_x,
          chequers_hall_statues_wall_a, chequers_hall_statues_corner_a
D:2:      layout_basic, basic_altar
D:3:      layout_basic, supply_closet_lemuel
D:4:      layout_loops_ring, fedhas_ov_isle_minmay,
          mainiacjoe_overflow_boulevard, mainiacjoe_overflow_24_doors,
          mainiacjoe_overflow_concentric_impassable, temple_doors_e

Skill      XL: |  1  2  3  4  5 |
---------------+----------------+-----
Fighting       | 4 |  4.2
Armour         | 4 |  4.2
Shields        | 4 |  4.2
Maces & Flails | 3 |  3.0

Action                     |  1- 3 |  4- 6 || total
---------------------------+-------+-------++-------
  Melee: Flail             |    88 |    83 ||   171
   Fire: Sling             |       |     5 ||     5
 Armour: Scale mail        |    67 |    34 ||   101
         Chain mail        |       |    16 ||    16
  Dodge: Dodged            |    59 |    40 ||    99
  Block: Buckler           |    24 |    17 ||    41

Table legend: (Time is in decaauts)
 A = Elapsed time spent in this place.
 B = Non-inter-level travel time spent in this place.
 C = Inter-level travel time spent in this place.
 D = Time resting spent in this place.
 E = Time spent auto-exploring this place.
 F = Levels seen in this place.
 G = Mean time per level.
                   A        B        C        D        E       F      G
               +--------+--------+--------+--------+--------+-----+--------+
         Total |   2943 |   2559 |    384 |      0 |   2034 |   4 |  735.8 |
       Dungeon |   2943 |   2559 |    384 |      0 |   2034 |   4 |  735.8 |
               +--------+--------+--------+--------+--------+-----+--------+

Top non-repeatable levels by time:
     D:1: 1132 daAuts
     D:3: 884 daAuts
     D:2: 660 daAuts
     D:4: 266 daAuts
